 Dungeon Sprint DCSS version 0.27-a0-394-g49c82dfaf2 (webtiles) character file.

Game seed: 4001785276450985685

4111 mhtbhm the Cleaver (level 10, -9/148 HPs)
             Began as a Minotaur Fighter on Feb 20, 2021.
             Was the Champion of Trog.
             Mangled by an alligator snapping turtle (27 damage)
             ... in the Dungeon (Sprint VII: "The Pits").
             The game lasted 00:03:04 (1277 turns).

mhtbhm the Cleaver (Minotaur Fighter)               Turns: 1277, Time: 00:03:04

Health: -9/148     AC: 18    Str: 23    XL:     10   Next: 6%
Magic:  3/3        EV: 12    Int:  5    God:    Trog [******]
Gold:   0          SH: 13    Dex: 11    Spells: 9/9 levels left

rFire    . . .     SeeInvis .   a - +4 war axe (antimagic)
rCold    . . .     Faith    .   c - +0 kite shield
rNeg     + . .     Spirit   .   b - +2 chain mail {rN+}
rPois    .         Reflect  .   (helmet restricted)
rElec    .         Harm     .   (no cloak)
rCorr    .         Rampage  .   s - +0 pair of gloves
Will     .....     NoTele   +   t - +0 pair of boots
Stlth    ..........             (no amulet)
HPRegen  0.34/turn              (no ring)
MPRegen  0.08/turn              (no ring)

@: berserking, very quick
A: retaliatory headbutt, horns 2
a: Renounce Religion, Berserk, Trog's Hand, Brothers in Arms


You were in the Dungeon.
You worshipped Trog.
Trog was exalted by your worship.
You visited 1 branch

Inventory:

Hand Weapons
 a - a +4 antimagic war axe (weapon)
Missiles
 n - 4 javelins (quivered)
Armour
 b - a +2 chain mail of positive energy (worn)
 c - a +0 kite shield (worn)
 s - a +0 pair of gloves (worn)
 t - a +0 pair of boots (worn)
Jewellery
 o - a +3 ring of protection
 p - a +3 ring of protection
Scrolls
 j - a scroll of blinking
 l - a scroll of summoning
Potions
 d - 2 potions of might
 e - 9 potions of curing
 f - 10 potions of heal wounds
 g - 2 potions of haste
 h - 4 potions of magic
 i - 3 potions of berserk rage
 k - 2 potions of invisibility
 m - a potion of attraction {unknown}
 q - a potion of resistance
 r - a potion of mutation


   Skills:
 + Level 12.5 Fighting
 + Level 13.9 Axes
 + Level 13.5 Armour
 + Level 9.5 Dodging
 + Level 1.0 Stealth
 + Level 12.8 Shields


You had 9 spell levels left.
You didn't know any spells.
Your spell library was empty.

Dungeon Overview and Level Annotations

Branches:
Dungeon (1/1)

Altars:
Ashenzari
Cheibriados
Dithmenos
Elyvilon
Fedhas
Gozag
Hepliaklqana
Kikubaaqudgha
Makhleb
Nemelex Xobeh
Okawaru
Qazlal
Ru
Sif Muna
Trog
Uskayaw
Vehumet
Wu Jian
Xom
Yredelemnul
Zin
The Shining One
Beogh
Jiyva
Lugonu


Innate Abilities, Weirdness & Mutations

You reflexively headbutt those who attack you in melee.
You have a pair of horns on your head.


Message History

You feel the power of Trog in you as your rage grows.
You kill the orc!
Trog accepts your kill.
You barely miss the alligator snapping turtle.
You headbutt the alligator snapping turtle!
The alligator snapping turtle is heavily wounded.
You slice the orc!!
You kill the orc!
Trog accepts your kill. Something appears at your feet!
Trog grants you a weapon!
You barely miss the orc. You block the orc's attack.
You hit the alligator snapping turtle.
You headbutt the alligator snapping turtle!!
The alligator snapping turtle is severely wounded.
You completely miss the orc.
The alligator snapping turtle bites you!!
* * * LOW HITPOINT WARNING * * *
You hit the alligator snapping turtle but do no damage.
The alligator snapping turtle is severely wounded.
You closely miss the orc. The orc hits you with a +0 whip.
* * * LOW HITPOINT WARNING * * *
Unknown command.
You slash the alligator snapping turtle!
You headbutt the alligator snapping turtle!
The alligator snapping turtle is almost dead.
You closely miss the orc.
You block the alligator snapping turtle's attack.
You slash the alligator snapping turtle!
You headbutt the alligator snapping turtle, but do no damage.
The alligator snapping turtle is almost dead.
You miss the bat. You hit the orc.
You feel the power of Trog in you as your rage grows.
You kill the orc!
Trog accepts your kill. You block the bat's attack.
You hit the alligator snapping turtle but do no damage.
The alligator snapping turtle is almost dead.
The alligator snapping turtle bites you!!
You die...

...............#
.....#..#......#
...............+
...............+
.....#..#......#
...............#
##'#####''######
......##''# ########
......##..# #.t@b..#
......##..# #..#)#......
..<...##..##..##.##.....
......##..##.##...##...#
......##..####.....# .##
......##...##......# .#
########....'.)....+ +
########...##......#
.#..[.##..####.....#


You could see an alligator snapping turtle and a bat.

Vanquished Creatures
  An eidolon (D)
  Urug (D)
  2 shadow wraiths (D)
  A lindwurm (D)
  A demonic crawler (D)
  A freezing wraith (D)
  A shadow (D)
  A wyvern (D)
  A floating eye (D)
  A necrophage (D)
  A small abomination (D)
  A quasit (D)
  An orc priest (D)
  Terence (D)
  An iguana (D)
  A hell rat (D)
  A mummy (D)
  A worm (D)
  5 orcs (D)
  A bat zombie (D)
  3 hobgoblins (D)
  4 jackals (D)
  3 quokkas (D)
  A ball python (D)
  2 bats (D)
  A frilled lizard (D)
39 creatures vanquished.

Notes
Turn   | Place    | Note
-------+----------+-------------------------------------------
     0 | D        | mhtbhm the Minotaur Fighter began the quest for the Orb.
     0 | D        | Reached XP level 1. HP: 19/19 MP: 0/0
    27 | D        | Found a bloodstained altar of Trog.
    27 | D        | Found a shimmering blue altar of Sif Muna.
    27 | D        | Found a viscous altar of Jiyva.
    27 | D        | Found a hazy altar of Hepliaklqana.
    27 | D        | Found an opulent altar of Gozag.
    28 | D        | Found a glowing golden altar of the Shining One.
    28 | D        | Found a glowing silver altar of Zin.
    28 | D        | Found a basalt altar of Yredelemnul.
    28 | D        | Found a shimmering altar of Xom.
    28 | D        | Found an ornate altar of the Wu Jian Council.
    28 | D        | Found a sacrificial altar of Ru.
    28 | D        | Found a stormy altar of Qazlal.
    28 | D        | Found an iron altar of Okawaru.
    28 | D        | Found a sparkling altar of Nemelex Xobeh.
    28 | D        | Found a burning altar of Makhleb.
    28 | D        | Found a blossoming altar of Fedhas.
    28 | D        | Found a white marble altar of Elyvilon.
    28 | D        | Found a shadowy altar of Dithmenos.
    28 | D        | Found a snail-covered altar of Cheibriados.
    30 | D        | Found a radiant altar of Vehumet.
    30 | D        | Found a corrupted altar of Lugonu.
    30 | D        | Found a roughly hewn altar of Beogh.
    32 | D        | Became a worshipper of Trog the Wrathful
    89 | D        | Reached * piety under Trog
   420 | D        | Reached ** piety under Trog
   421 | D        | Reached XP level 2. HP: 18/28 MP: 1/1
   563 | D        | Noticed Terence
   579 | D        | Reached skill level 5 in Fighting
   579 | D        | Reached skill level 5 in Armour
   579 | D        | Reached skill level 1 in Dodging
   579 | D        | Reached skill level 5 in Shields
   579 | D        | Reached XP level 3. HP: 25/36 MP: 2/2
   583 | D        | Killed Terence
   583 | D        | Reached *** piety under Trog
   584 | D        | Reached XP level 4. HP: 32/44 MP: 3/3
   607 | D        | Reached **** piety under Trog
   665 | D        | Noticed a necrophage
   671 | D        | Killed a necrophage
   672 | D        | Reached skill level 5 in Axes
   672 | D        | Reached XP level 5. HP: 52/52 MP: 4/4
   674 | D        | Noticed Urug
   688 | D        | Killed Urug
   689 | D        | Reached skill level 10 in Shields
   689 | D        | Reached XP level 6. HP: 21/66 MP: 5/5
   689 | D        | Reached XP level 7. HP: 23/71 MP: 6/6
   952 | D        | Reached ***** piety under Trog
   960 | D        | Noticed a lindwurm
   960 | D        | Noticed an eidolon
   973 | D        | Killed an eidolon
   974 | D        | Reached skill level 10 in Fighting
   974 | D        | Reached XP level 8. HP: 81/81 MP: 7/7
   979 | D        | Killed a lindwurm
   980 | D        | Reached XP level 9. HP: 89/89 MP: 8/8
  1103 | D        | Found a hide-covered altar of Uskayaw.
  1103 | D        | Found an ancient bone altar of Kikubaaqudgha.
  1103 | D        | Found a broken altar of Ashenzari.
  1146 | D        | Killed a shadow wraith
  1147 | D        | Reached skill level 1 in Stealth
  1187 | D        | Noticed a demonic crawler
  1194 | D        | Killed a shadow wraith
  1194 | D        | Received a gift from Trog
  1196 | D        | Reached ****** piety under Trog
  1197 | D        | Killed a demonic crawler
  1257 | D        | Noticed a freezing wraith
  1258 | D        | Noticed an alligator snapping turtle
  1264 | D        | Killed a freezing wraith
  1265 | D        | Reached XP level 10. HP: 85/99 MP: 3/9
  1272 | D        | Received a gift from Trog
  1273 | D        | Found the +8 mithril axe "Arga" {speed, Will+}
  1277 | D        | Mangled by an alligator snapping turtle

Illustrated notes

Levels and vault maps discovered:
D:        pitsprint [storerooms_1, entrance_room_1, metal_vault_3, armoury_3,
          mini_pit_1, grid_room_1, main_hall_1, silver_pit, the_coven_3,
          the_vestibule_1, steel_vault_3, golden_pit, hallway_of_sentries,
          crystal_vault_6, iron_vault_3, final_vault]

Skill      XL: |  1  2  3  4  5  6  7  8  9 |
---------------+----------------------------+-----
Fighting       | 4 5 7 9 10 11 12 | 12.5
Armour         | 4 5 6 7 9 11 13 | 13.5
Shields        | 4 5 6 7 10 11 12 | 12.8
Axes           | 3 5 9 11 13 | 13.9
Dodging        | 1 2 3 6 8 9 |  9.5
Stealth        | 1 |  1.0

Action                   |  1- 3 |  4- 6 |  7- 9 | 10-12 || total
-------------------------+-------+-------+-------+-------++-------
Melee: Hand axe          |    39 |    33 |    20 |       ||    92
       War axe           |     7 |       |    20 |    11 ||    38
       Headbutt          |     3 |     7 |    13 |     6 ||    29
Invok: Berserk           |       |     1 |     3 |       ||     4
Armor: Scale mail        |    24 |       |       |       ||    24
       Chain mail        |    34 |     7 |    19 |       ||    60
Dodge: Dodged            |    20 |     7 |    12 |     1 ||    40
Block: Kite shield       |    36 |     4 |    23 |     4 ||    67

Table legend: (Time is in decaauts)
 A = Elapsed time spent in this place.
 B = Non-inter-level travel time spent in this place.
 C = Inter-level travel time spent in this place.
 D = Time resting spent in this place.
 E = Time spent auto-exploring this place.
 F = Levels seen in this place.
 G = Mean time per level.
                   A        B        C        D        E       F      G
               +--------+--------+--------+--------+--------+-----+--------+
         Total |   1313 |   1313 |      0 |    698 |    190 |   1 | 1313.0 |
       Dungeon |   1313 |   1313 |      0 |    698 |    190 |   1 | 1313.0 |
               +--------+--------+--------+--------+--------+-----+--------+

Top non-repeatable levels by time:
       D: 1313 daAuts
